 Dungeon Crawl Stone Soup version 0.31-a0-150-g89dc3ad700 (webtiles) character file.

Game seed: 8230839512499535004

46 qw the Shooter (level 3, -2/31 HPs)
             Began as a Minotaur Hunter on June 8, 2023.
             Slain by Robin
             ... wielding a +0 mace
              (3 damage)
             ... on level 2 of the Dungeon.
             The game lasted 00:00:21 (923 turns).

qw the Shooter (Minotaur Hunter)                     Turns: 923, Time: 00:00:22

Health: -2/31      AC:  3    Str: 15    XL:     3   Next: 44%
Magic:  2/2        EV: 12    Int:  6    God:
Gold:   40         SH:  0    Dex: 15    Spells: 2/2 levels left

rFire   . . .        Y - +0 shortbow
rCold   . . .        (shield currently unavailable)
rNeg    . . .        c - +0 leather armour
rPois   .            (helmet restricted)
rElec   .            (no cloak)
rCorr   .            (no gloves)
SInv    .            (no boots)
Will    .....        e - amulet of faith
Stlth   +            (no ring)
HPRegen 0.25/turn    (no ring)
MPRegen 0.08/turn

%: faith
@: no status effects
A: horns 2, retaliatory headbutt
a: no special abilities


You were on level 2 of the Dungeon.
You visited 1 branch of the dungeon, and saw 2 of its levels.

You collected 40 gold pieces.


Innate Abilities, Weirdness & Mutations

You have a pair of horns on your head.
You reflexively headbutt those who attack you in melee.


   Skills:
 - Level 3.0 Fighting
 + Level 5.5 Ranged Weapons
 - Level 2.1 Dodging
 - Level 0.7 Stealth


You had 2 spell levels left.
You didn't know any spells.
Your spell library was empty.

Inventory:

Hand Weapons
 Y - a +0 shortbow (weapon)
Armour
 c - a +0 leather armour (worn)
Jewellery
 e - an amulet of faith (around neck)
Scrolls
 a - a scroll of blinking {unknown}
 h - 2 scrolls of identify
Potions
 b - a potion of enlightenment {unknown}
 d - a potion of curing {unknown}

Dungeon Overview and Level Annotations

Branches:
Dungeon (2/15)

Altars:

Annotations:
D:2 Robin


Message History

The hobgoblin completely misses you. The rat barely misses you.
The hobgoblin closely misses you. You furiously retaliate!
You headbutt the hobgoblin!
You kill the hobgoblin!
You shoot an arrow. The arrow barely misses the hobgoblin.
The goblin hits you with a +0 dagger. The rat bites you but does no damage.
The hobgoblin hits you.
You shoot an arrow. The arrow barely misses the goblin.
The arrow hits the goblin!
You kill the goblin!
The goblin hits you with a +0 dagger. The goblin hits you with a +0 club.
The rat closely misses you. You furiously retaliate!
You headbutt the rat!
You kill the rat!
The hobgoblin closely misses you. The goblin misses you.
You furiously retaliate!
You headbutt the goblin.
You kill the goblin!
The hobgoblin barely misses you. The goblin hits you with a +0 club.
You shoot an arrow.
The arrow hits the goblin but does no damage.
The goblin is severely wounded.
The hobgoblin hits you but does no damage.
The goblin hits you but does no damage. The hobgoblin hits you.
The goblin completely misses you.
You shoot an arrow. The arrow misses the goblin.
The arrow hits the goblin.
The goblin is heavily wounded.
The hobgoblin hits you. Robin throws the goblin at you! The goblin misses you.
The hobgoblin closely misses you. You furiously retaliate!
You headbutt the hobgoblin. The goblin hits you with a +0 club.
You shoot an arrow. The arrow hits the goblin.
You kill the goblin!
The goblin closely misses you. The goblin hits you but does no damage.
The hobgoblin barely misses you. The hobgoblin hits you.
You shoot an arrow. The arrow hits the goblin.
The goblin is severely wounded.
The goblin hits you with a +0 dagger. The goblin hits you but does no damage.
The hobgoblin barely misses you. x2; You furiously retaliate!
You headbutt the hobgoblin.
You kill the hobgoblin!
Robin hits you with a +0 mace.
You die...

#.. .......
#....#..).. #
#..#.#..... #
##.......$.. #######
#......... .......
....g). ######. #g)g#
# #.# #g@# #
#.########g.###.# #
#.#.....%.......# #
#.#.######..###.#
#### #......(....#
...# #...######...#
##.###..............
.........######...##.
##.###....# ##.## #


You could see Robin, a hobgoblin (strong) and 3 goblins.

Vanquished Creatures
  An adder (D:2)
  3 ball pythons
  2 bats
  An endoplasm (D:1)
  A giant cockroach (D:1)
  9 goblins
  6 hobgoblins
  2 kobolds (D:1)
  A quokka (D:2)
  2 frilled lizards (D:1)
  4 rats
32 creatures vanquished.

Notes
Turn   | Place    | Note
-------+----------+-------------------------------------------
     0 | D:1      | qw the Minotaur Hunter began the quest for the Orb.
     0 | D:1      | Reached XP level 1. HP: 18/18 MP: 0/0
     0 | D:1      | 0 ||| qw: Version: 0.2-a-119-g7aa9181
     0 | D:1      | 0 ||| qw: Game counter: 2753
     0 | D:1      | 0 ||| qw: Always use a shield: true
     0 | D:1      | 0 ||| qw: God list: Okawaru
     0 | D:1      | 0 ||| qw: Allow faded altars: false
     0 | D:1      | 0 ||| qw: Do Orc after D:15 true
     0 | D:1      | 0 ||| qw: Do second Lair branch before Depths: true
     0 | D:1      | 0 ||| qw: Lair rune preference: random
     0 | D:1      | 0 ||| qw: Plans: Normal
     0 | D:1      | 0 ||| PLANNING D:1-11
     4 | D:1      | Noticed an electric eel
   168 | D:1      | 168 ||| FLEEEEING.
   171 | D:1      | 171 ||| FLEEEEING.
   172 | D:1      | 172 ||| FLEEEEING.
   174 | D:1      | 174 ||| FLEEEEING.
   175 | D:1      | 175 ||| FLEEEEING.
   177 | D:1      | 177 ||| FLEEEEING.
   178 | D:1      | 178 ||| FLEEEEING.
   179 | D:1      | 179 ||| FLEEEEING.
   180 | D:1      | 180 ||| FLEEEEING.
   181 | D:1      | 181 ||| FLEEEEING.
   182 | D:1      | 182 ||| FLEEEEING.
   183 | D:1      | 183 ||| FLEEEEING.
   184 | D:1      | 184 ||| FLEEEEING.
   185 | D:1      | 185 ||| FLEEEEING.
   186 | D:1      | 186 ||| FLEEEEING.
   200 | D:1      | Reached XP level 2. HP: 25/25 MP: 1/1
   239 | D:1      | Reached skill level 5 in Ranged Weapons
   310 | D:1      | Found a faded altar of an unknown god.
   474 | D:1      | Reached skill level 3 in Fighting
   788 | D:1      | 788 ||| UPGRADING to amulet of faith.
   793 | D:1      | 793 ||| READING scroll labelled DARYUP QYENELU.
   794 | D:1      | 794 ||| READING scroll labelled MANELADGH QEUMYBBU.
   795 | D:1      | 795 ||| READING 2 scrolls labelled ZOEMUKIESE.
   796 | D:1      | 796 ||| DROPPING scroll of butterflies.
   912 | D:2      | Noticed Robin
   916 | D:2      | Reached XP level 3. HP: 30/31 MP: 2/2
   921 | D:2      | HP: 5/31 [goblin/+0 club[Robin] (6)]
   922 | D:2      | HP: 1/31 [hobgoblin[Robin] (4)]
   923 | D:2      | Slain by Robin

Levels and vault maps discovered:
D:1:      arrival_aquarium_a, layout_loops_ring,
          shapermc_ecumenical_altar_starsandcircs, wad_floor_pattern_untrapped
D:2:      layout_loops_ring, basic_altar, uniq_robin, uniq_crazy_yiuf_cottage

Skill      XL: |  1  2 |
---------------+-------+-----
Ranged Weapons | 5 |  5.5
Fighting       | 3 |  3.0
Dodging        | |  2.1
Stealth        | |  0.7

Action                     || total
---------------------------++-------
   Fire: Shortbow          ||    73
    Use: Scroll            ||     3
 Armour: Leather armour    ||     9
  Dodge: Dodged            ||    48

Table legend:
 A = Non-vault XP
 B = Vault XP
 C = Vault XP percentage of total XP
 D = Non-vault monster count
 E = Vault monster count
 F = Vault count percentage of total count
                 A         B        C        D         E       F
            +---------+---------+-------+---------+---------+-------
      Total |      54 |      14 |  20.6 |      25 |       7 |  21.9
            +---------+---------+-------+---------+---------+-------
        D:1 |      32 |       0 |   0.0 |      18 |       0 |   0.0
        D:2 |      22 |      14 |  38.9 |       7 |       7 |  50.0
            +---------+---------+-------+---------+---------+-------
